AoeStats
← psyko

Arena

508890598Analyzed
3v3 RM · 9d ago on Sep 24, 2026· 40m 11s· 6 players
Game mode
Random Map
Map size
Normal (6 player)
Population
200
Speed
Normal
Resources
Standard
Victory
Conquest
Starting age
Dark Age
Ending age
Imperial Age
RankedLock teamsTeams togetherTeam positionsShared explorationLock speedFull tech treeHidden civsTurbo modeCheats
Victory
Defeat
🇲🇴 Romans · Macao SAR China
1223
+12
🇩🇪 Goths · Germany
1191
+13
🇲🇴 Persians · Macao SAR China
1104
+17
🇩🇿 Hindustanis · Algeria
1133
-14
🇩🇿 Turks · Algeria
1133
-14
🇩🇿 Burgundians · Algeria
1133
-14
danielchanlam
10:08 Feudal Age
13:51 Castle Age
12:09 Double-Bit Axe
13:26 Loom
34:23 Horse Collar
37:49 Imperial Age
35:15 Gold Mining
36:13 Scale Mail Armor
36:23 Forging
37:42 Bow Saw
36:58 Man-at-Arms
38:02 Fletching
39:39 Ballistics
39:06 Long Swordsman
EddieLooo
11:30 Feudal Age
15:13 Castle Age
13:50 Scale Barding Armor
14:43 Forging
17:14 Bloodlines
21:48 Husbandry
23:47 Iron Casting
32:06 Chain Barding Armor
Don Cath!
11:13 Feudal Age
14:52 Castle Age
12:42 Double-Bit Axe
12:49 Horse Collar
20:54 Loom
22:18 Fletching
22:49 Padded Archer Armor
24:00 Wheelbarrow
23:13 Town Watch
24:47 Gold Mining
25:17 Bow Saw
26:01 Heavy Plow
26:35 Scale Mail Armor
27:10 Hand Cart
29:54 Imperial Age
27:08 Elite Skirmisher
27:48 Bodkin Arrow
27:46 Treadmill Crane
29:12 Ballistics
29:03 Masonry
29:08 Anarchy
29:40 Leather Archer Armor
30:39 Bracer
30:19 Man-at-Arms
32:12 Chemistry
31:51 Ring Archer Armor
32:25 Crop Rotation
33:47 Chain Mail Armor
33:42 Forging
33:37 Squires
35:45 Stone Mining
36:57 Two-Man Saw
37:39 Iron Casting
38:00 Long Swordsman
38:01 Pikeman
40:32 Architecture
40:28 Conscription
zeides
10:45 Feudal Age
12:11 Wheelbarrow
11:25 Double-Bit Axe
11:31 Horse Collar
17:36 Castle Age
19:59 Pikeman
26:09 Squires
25:54 Arson
27:22 Heavy Plow
31:04 Bow Saw
31:44 Hand Cart
39:33 Elite Skirmisher
psyko
7:48 Double-Bit Axe
10:45 Feudal Age
15:47 Castle Age
15:51 Cavalier
16:32 Husbandry
38:25 Scale Barding Armor
38:30 Forging
40:57 Wheelbarrow
40:07 Loom
ZZZenzLA
11:24 Feudal Age
13:13 Double-Bit Axe
16:00 Castle Age
13:47 Town Watch
20:00 Imperial Age
17:52 Loom
23:00 Padded Archer Armor
27:16 Horse Collar
31:11 Fletching
Connection lost

Rejoining the realm…

Still unreachable

The connection could not be restored.

Session expired

The server has moved on; the page needs a fresh start.